 Dungeon Crawl Stone Soup version 0.19.1-1-g22dce08 (webtiles) character file.

3717 Macro the Blocker (level 10, -1/66 HPs)
             Began as a Halfling Fighter on Jan 12, 2017.
             Was a Priest of Nemelex Xobeh.
             Slain by a wolf (8 damage)
             ... led by Grum
             ... on level 8 of the Dungeon on Jan 13, 2017.
             The game lasted 01:53:07 (8651 turns).

Macro the Blocker (Halfling Fighter)                Turns: 8651, Time: 01:53:08

Health: -1/66      AC: 17    Str: 18    XL:     10   Next: 36%
Magic:  10/10      EV:  6    Int:  6    God:    Nemelex Xobeh [***...]
Gold:   396        SH: 12    Dex: 17    Spells: 0 memorised, 9 levels left

rFire  . . .     SeeInvis .     q - +5 dagger (freeze)
rCold  + . .     Gourm    .     j - +0 plate armour
rNeg   . . .     Faith    +     c - +0 shield
rPois  .         Spirit   .     (no helmet)
rElec  .         Reflect  .     h - +1 cloak
rCorr  .         Harm     .     C - +0 pair of gloves
MR     .....                    (no boots)
Stlth  ..........               e - amulet of faith
                                J - ring of protection from fire
                                k - ring of ice

@: no status effects
A: mutation resistance 1, wild magic 1
a: Triple Draw, Renounce Religion


You were on level 8 of the Dungeon.
You worshipped Nemelex Xobeh.
Nemelex Xobeh was most pleased with you.
You were not hungry.

You visited 2 branches of the dungeon, and saw 9 of its levels.

You collected 396 gold pieces.

Inventory:

Hand Weapons
 q - a +5 dagger of freezing (weapon)
 G - a +2 whip of freezing
 H - a +1 scimitar of freezing
 I - a +2 dagger of speed
 L - a +1 short sword of venom
Armour
 c - a +0 shield (worn)
 h - a +1 cloak (worn)
 j - a +0 plate armour (worn)
 m - the cursed +0 ring mail of the Beginning {+Inv}
   (You found it on level 6 of the Dungeon)

   It lets you turn invisible.
   It has a curse placed upon it.
 C - a +0 pair of gloves (worn)
Jewellery
 e - an amulet of faith (around neck)
 k - a ring of ice (left hand)
 J - a ring of protection from fire (right hand)
 P - an uncursed amulet of guardian spirit
 R - an uncursed ring of wizardry
Wands
 i - a wand of flame (15/48)
 v - a wand of lightning (6/15)
 M - a wand of digging (13/24)
 N - a wand of random effects (5/48)
 O - a wand of enslavement (17/24)
Scrolls
 p - 3 scrolls of identify
 w - a scroll of enchant weapon
 y - a scroll of teleportation
 B - a scroll of magic mapping
 Q - a scroll of fear
Potions
 b - a potion of invisibility
 d - 3 potions of might
 l - 2 potions of flight
 n - a potion of haste {unknown}
 s - a potion of degeneration {unknown}
 t - 3 potions of berserk rage {unknown}
 x - 2 potions of agility {unknown}
 D - a potion of ambrosia {unknown}
 F - a potion of brilliance {unknown}
 K - a potion of heal wounds
Books
 g - a Grand Grimoire

   Spells                             Type                      Level
   a - Monstrous Menagerie            Summoning                    7
   b - Summon Greater Demon           Summoning                    7
   c - Malign Gateway                 Summoning/Translocation      7
   d - Summon Horrible Things         Summoning                    8
Miscellaneous
 a - a plain deck of destruction {drawn: 7}
 o - a legendary deck of destruction
 z - a plain deck of destruction
 A - an ornate deck of escape {drawn: 2}
 E - a plain deck of destruction
Comestibles
 f - 3 bread rations
 r - 2 slices of pizza
 u - 4 meat rations
 S - a chunk of flesh


   Skills:
 + Level 5.1 Fighting
 + Level 9.6 Short Blades
 + Level 8.0 Armour
 + Level 0.2 Stealth
 + Level 9.8 Shields
 + Level 0.9 Invocations
 + Level 0.4 Evocations


You had 9 spell levels left.
You didn't know any spells.

Dungeon Overview and Level Annotations

Branches:
Dungeon (8/15)             Temple (1/1) D:4
   Lair: D:8-11

Altars:
Cheibriados
Dithmenos
Elyvilon
Fedhas
Gozag
Kikubaaqudgha
Makhleb
Nemelex Xobeh
Okawaru
Qazlal
Ru
Sif Muna
Trog
Uskayaw
Vehumet
Yredelemnul
Zin
The Shining One

Shops:
D:7 *


Innate Abilities, Weirdness & Mutations

You are small and have problems with some larger weapons.
You are somewhat resistant to further mutation.
Your spells are a little harder to cast, but a little more powerful.


Message History

You hit the wolf. You freeze the wolf.
The wolf is lightly wounded.
You closely miss the wolf.
The wolf is lightly wounded.
The wolf closely misses you.
You closely miss the wolf.
The wolf is lightly wounded.
You block the wolf's attack.
You miss the wolf.
The wolf is lightly wounded.
The wolf bites you.
* * * LOW HITPOINT WARNING * * *
You hit the wolf. You freeze the wolf.
The wolf is moderately wounded.
You block the wolf's attack.
You hit the wolf. You freeze the wolf.
The wolf is severely wounded.
The wolf bites you!
You die...
Your body glows with a rainbow of weird colours and disappears.

## #. ### #. #.##### #.
#.†h@.## #.
#>###..########## #.
#.###.....#.....## #.
.h##(............###.
...#........(......##.
....#...............##.
.....#...............##.
#.....#...............#..
#...............#.#


You could see a wolf.

Vanquished Creatures
  Pikel (D:6)
  A hippogriff (D:7)
  A wyvern (D:8)
  2 water moccasins
  2 orc warriors
  An ice beast (D:6)
  2 sky beasts
  A slave (D:6)
  A phantom (D:6)
  2 wolves (D:8)
  An ogre (D:5)
  A big kobold (D:7)
  3 bullfrogs
  A wyvern zombie (D:6)
  A scorpion (D:4)
  A vampire bat (D:5)
  A centaur zombie (D:8)
  A crimson imp (D:5)
  4 hounds
  2 orc wizards
  2 bullfrog skeletons (D:5)
  A jelly (D:6)
  4 orc priests
  2 centaur skeletons
  2 iguanas
  4 worker ants
  A hell rat (D:8)
  2 hound skeletons
  A mummy (D:6)
  6 gnolls
  4 adders
  4 river rats (D:5)
  A shadow imp (D:7)
  3 oozes
  A worm (D:2)
  2 dart slugs
  3 fire bats (D:5)
  7 leopard geckos
  18 orcs
  2 spectral bats (D:5)
  3 bat skeletons (D:5)
  A bat zombie (D:5)
  7 giant cockroaches
  8 goblins
  8 hobgoblins
  10 jackals
  17 kobolds
  3 quokkas
  17 bats
  A bat simulacrum (D:5)
  5 frilled lizards
  2 giant cockroach zombies (D:5)
  4 rats
  A plant (D:5)
187 creatures vanquished.

Vanquished Creatures (collateral kills)
  The ghost of Lahna the Cruncher, a novice MiGl of Ru (D:5)
  The ghost of Rrauwl the Cudgeler, an amateur TrBe of Trog (D:3)
  Blork the orc (D:6)
  An orc priest (D:6)
  A bullfrog zombie (D:5)
  A bullfrog skeleton (D:5)
  A jelly (D:3)
  A worker ant (D:5)
  A hound zombie (D:5)
  A worker ant zombie (D:5)
  A worm (D:5)
  2 quokka zombies (D:5)
13 creatures vanquished.

Vanquished Creatures (others)
  3 slaves (D:6)
  A crimson imp (D:6)
  An orc wizard (D:3)
  A leopard gecko (D:6)
  An orc (D:6)
  A hobgoblin (D:2)
8 creatures vanquished.

Grand Total: 208 creatures vanquished

Notes
Turn   | Place    | Note
-------+----------+-------------------------------------------
     0 | D:1      | Macro the Halfling Fighter began the quest for the Orb.
     0 | D:1      | Reached XP level 1. HP: 15/15 MP: 1/1
    46 | D:1      | Reached XP level 2. HP: 12/20 MP: 2/2
   252 | D:1      | Reached XP level 3. HP: 24/25 MP: 3/3
   735 | D:2      | Reached XP level 4. HP: 30/31 MP: 4/4
  1168 | D:2      | Found a sparkling altar of Nemelex Xobeh.
  1179 | D:2      | Became a worshipper of Nemelex Xobeh the Trickster
  1225 | D:2      | Received a gift from Nemelex Xobeh
  1337 | D:3      | Noticed Rrauwl's ghost (amateur TrBe)
  1364 | D:3      | Killed Rrauwl's ghost
  1364 | D:3      | Reached XP level 5. HP: 24/36 MP: 5/5
  1584 | D:3      | Reached XP level 6. HP: 21/42 MP: 6/6
  2167 | D:3      | Reached skill level 5 in Shields
  3191 | D:4      | Found a staircase to the Ecumenical Temple.
  3193 | D:4      | Reached * piety under Nemelex Xobeh
  3233 | Temple   | Entered the Ecumenical Temple
  3729 | D:4      | Received a gift from Nemelex Xobeh
  3910 | D:4      | Reached XP level 7. HP: 46/46 MP: 7/7
  4060 | D:4      | Reached skill level 5 in Short Blades
  4359 | D:4      | Reached ** piety under Nemelex Xobeh
  4480 | D:5      | Entered Level 5 of the Dungeon
  4606 | D:5      | Found a sacrificial altar of Ru.
  4614 | D:5      | Received a gift from Nemelex Xobeh
  4743 | D:5      | Noticed Lahna's ghost (novice MiGl)
  4790 | D:5      | Killed Lahna's ghost
  4790 | D:5      | Reached skill level 5 in Armour
  4790 | D:5      | Reached XP level 8. HP: 16/54 MP: 8/8
  4873 | D:5      | Found a radiant altar of Vehumet.
  5109 | D:5      | Reached *** piety under Nemelex Xobeh
  5721 | D:6      | Noticed Pikel
  5772 | D:6      | Killed Pikel
  5772 | D:6      | Reached XP level 9. HP: 50/58 MP: 9/9
  5864 | D:6      | Received a gift from Nemelex Xobeh
  5874 | D:6      | Found an ancient bone altar of Kikubaaqudgha.
  6056 | D:6      | Noticed Blork the orc
  6095 | D:6      | Killed Blork the orc
  6182 | D:6      | Gained mutation: Your spells are a little harder to cast, but a little more powerful. [mutagenic meat]
  7094 | D:6      | Got an ancient ring mail
  7095 | D:6      | Identified the cursed +0 ring mail of the Beginning {+Inv} (You found it on level 6 of the Dungeon)
  7179 | D:6      | Found a snail-covered altar of Cheibriados.
  7325 | D:6      | Received a gift from Nemelex Xobeh
  7339 | D:6      | Reached **** piety under Nemelex Xobeh
  7413 | D:6      | Found a deep blue altar of Sif Muna.
  7674 | D:7      | Received a gift from Nemelex Xobeh
  7690 | D:7      | Found a white marble altar of Elyvilon.
  7711 | D:7      | Found Zin's Purification Station.
  7742 | D:7      | Noticed a hippogriff
  7770 | D:7      | Killed a hippogriff
  7770 | D:7      | Reached XP level 10. HP: 48/65 MP: 10/10
  7780 | D:7      | Found a glowing silver altar of Zin.
  7960 | D:7      | Found an opulent altar of Gozag.
  7961 | D:7      | Found a hide-covered altar of Uskayaw.
  8104 | D:7      | Found a burning altar of Makhleb.
  8194 | D:7      | Found a snail-covered altar of Cheibriados.
  8501 | D:8      | Reached skill level 5 in Fighting
  8608 | D:8      | Noticed Grum
  8625 | D:8      | Noticed Grum
  8625 | D:8      | Grum changed into Grum the hell rat
  8630 | D:8      | Killed Grum the hell rat
  8651 | D:8      | Slain by a wolf

Skill      XL: |  1  2  3  4  5  6  7  8  9 10 |
---------------+-------------------------------+-----
Fighting       | 3 4 5 |  5.1
Short Blades   | 3 4 5 7 8 9 |  9.6
Shields        | 4 5 7 8 9 |  9.8
Armour         | 4 5 6 7 8 |  8.0
Stealth        | |  0.2
Invocations    | |  0.9
Evocations     | |  0.4

Action                   |  1- 3 |  4- 6 |  7- 9 | 10-12 || total
-------------------------+-------+-------+-------+-------++-------
Melee: Rapier            |   107 |    91 |       |       ||   198
       Dagger            |       |   637 |   548 |   148 ||  1333
Evoke: Deck              |       |     2 |     9 |     3 ||    14
       Wand              |       |     1 |     1 |     1 ||     3
  Use: Scroll            |       |     7 |     7 |     3 ||    17
       Potion            |       |     1 |     4 |       ||     5
  Eat: Meat ration       |       |     1 |       |       ||     1
       Chunk             |       |     5 |    11 |     7 ||    23
       Beef jerky        |       |     1 |       |       ||     1
       Bread ration      |       |       |     1 |       ||     1
Armor: Scale mail        |    46 |    93 |       |       ||   139
       Plate armour      |       |   147 |   172 |    26 ||   345
Dodge: Dodged            |    39 |   160 |    67 |    18 ||   284
Block: Shield            |    58 |   315 |   198 |    51 ||   622
